 Dungeon Crawl Stone Soup version 0.30.1-1-g62c8e00024 (webtiles) character file.

Game seed: 13014290245473709197

28 7w4c the Caller (level 2, 0/19 HPs)
             Began as a Demonspawn Summoner on July 13, 2023.
             Succumbed to an adder's poison
             ... on level 2 of the Dungeon on July 17, 2023.
             The game lasted 00:06:01 (1376 turns).

7w4c the Caller (Demonspawn Summoner)               Turns: 1376, Time: 00:06:02

Health: 0/19       AC:  2    Str: 14    XL:     2   Next: 96%
Magic:  3/5        EV: 12    Int: 16    God:
Gold:   35         SH:  0    Dex: 13    Spells: 4/5 levels left

rFire   . . .        d - +0 mace
rCold   . . .        (no shield)
rNeg    . . .        a - +0 robe
rPois   .            (helmet restricted)
rElec   .            (no cloak)
rCorr   .            (no gloves)
SInv    .            (no boots)
Will    .....        (no amulet)
Stlth   ++           i - +6 ring of strength
HPRegen 0.23/turn    (no ring)
MPRegen 0.09/turn

%: no passive effects
@: lethally poisoned (0 -> -7)
A: antennae 1
a: no special abilities


You were on level 2 of the Dungeon.
You visited 1 branch of the dungeon, and saw 2 of its levels.

You collected 35 gold pieces.

Inventory:

Hand Weapons
 d - a +0 mace (weapon)
Armour
 a - a +0 robe (worn)
Jewellery
 i - a +6 ring of strength (left hand)
Scrolls
 b - a scroll of blinking {unknown}
 c - a scroll of summoning {unknown}
 e - a scroll of enchant armour {unknown}
 f - a scroll of immolation {unknown}
 h - a scroll of enchant weapon {unknown}
 j - a scroll of teleportation
 n - a scroll of identify {unknown}
Potions
 g - a potion of attraction {unknown}
 k - a potion of curing {unknown}
 l - a potion of mutation {unknown}


   Skills:
 + Level 0.4 Maces & Flails
 + Level 1.8 Dodging
 + Level 1.9 Stealth
 + Level 2.4 Spellcasting
 + Level 4.4 Summonings


You had 4 spell levels left.
You knew the following spells:

 Your Spells              Type           Power      Damage    Failure   Level
a - Summon Small Mammal   Summ           64%        N/A       3%          1

Your spell library contained the following spells:

 Spells                   Type           Power      Damage    Failure   Level
 Call Imp                 Summ           32%        N/A       4%          2
 Call Canine Familiar     Summ           16%        N/A       10%         3
 Summon Guardian Golem    Hex/Summ       9%         N/A       24%         3
 Poisonous Vapours        Pois/Air       2%         N/A       30%         2
 Hailstorm                Conj/Ice       1%         3d3       52%         3
 Mephitic Cloud           Conj/Pois/Air  1%         N/A       52%         3
 Summon Lightning Spire   Summ/Air       9%         N/A       61%         4
 Ice Form                 Ice/Tmut       1%         N/A       89%         4
 Freezing Cloud           Conj/Ice/Air   0%         6-21      99%         5
 Simulacrum               Ice/Necr       0%         N/A       100%        6


Dungeon Overview and Level Annotations

Branches:
Dungeon (2/15)

Altars:


Innate Abilities, Weirdness & Mutations

You have a pair of small antennae on your head.


Message History

Your bat hits the goblin.
Your bat disappears in a puff of smoke!
Your quokka misses the goblin.
Your quokka bites the goblin.
The goblin dies!
Magic restored.
You swap places.
Things that are here:
a +0 club; a goblin corpse Your quokka disappears in a puff of smoke!
Found an escape hatch in the ceiling.
There is an escape hatch in the ceiling here.
A goblin comes into view. It is wielding a +0 club.
As you read the scroll labelled SEGHILYZAE, it crumbles to dust.
You feel strangely unstable.
It was a scroll of teleportation.
A goblin is nearby!
Your surroundings suddenly seem different.
An adder comes into view.
Found a scroll labelled ORPHOA WIUM.
The adder hisses angrily.
As you read the scroll labelled IGETAPSOXZAORR, it crumbles to dust.
It is a scroll of amnesia.
Okay, then.
The adder bites you.
You are poisoned.
The adder poisons you!
Casting: Summon Small Mammal (safe; 3% risk of failure)
Confirm with . or Enter, or press ? or * to list all spells.
You feel sick. The adder completely misses you.
Casting: Summon Small Mammal (safe; 3% risk of failure)
Confirm with . or Enter, or press ? or * to list all spells.
You feel sick. The adder bites you.
You feel sick. The adder barely misses you.
Your rat bites the adder.
You feel sick. The adder bites you. x2
* * * LOW HITPOINT WARNING * * *
You are lethally poisoned!
The adder poisons you!
* * * LOW HITPOINT WARNING * * *
You feel sick. The adder closely misses you.
Your rat closely misses the adder.
You die...

#### ..# #.#
#@#######
#.r.....#
#....rS####.#
###......
####.#.#
#.#.# #.. .
#.. ?. #.##
##


You could see an adder (ally target), a friendly quokka (summoned) and a
friendly rat (summoned).

Vanquished Creatures
  A ball python (D:1)
  A bat (D:1)
  An endoplasm (D:1)
  A giant cockroach (D:2)
  A quokka (D:1)
  A frilled lizard (D:1)
6 creatures vanquished.

Vanquished Creatures (collateral kills)
  A dart slug (D:1)
  An endoplasm (D:1)
  2 giant cockroaches (D:1)
  A goblin (D:2)
  4 hobgoblins (D:1)
  A frilled lizard (D:1)
  3 kobolds (D:1)
  3 rats (D:1)
16 creatures vanquished.

Grand Total: 22 creatures vanquished

Notes
Turn   | Place    | Note
-------+----------+-------------------------------------------
     0 | D:1      | 7w4c the Demonspawn Summoner began the quest for the Orb.
     0 | D:1      | Reached XP level 1. HP: 13/13 MP: 3/3
   479 | D:1      | Gained mutation: You have a pair of small antennae on your
                  | head. [demonic ancestry]
   479 | D:1      | Reached XP level 2. HP: 2/19 MP: 1/5
   969 | D:1      | Upgraded the game from 0.30.1 to 0.30.1-1-g62c8e00024
  1376 | D:2      | Succumbed to an adder's poison

Illustrated notes

Levels and vault maps discovered:
D:1:      beargit_arrival_diablo_church, layout_basic,
          minmay_misc_feat_secret_circle
D:2:      minmay_angry_zag, layout_loops_cross, uniq_jessica, uniq_natasha

Action                     || total
---------------------------++-------
  Melee: Mace              ||    11
   Cast: Summon Small Mamm ||    36
    Use: Potion            ||     1
         Scroll            ||     2
 Armour: Robe              ||    10
  Dodge: Dodged            ||    29
